 Dungeon Crawl Stone Soup version 0.30-a0-912-ge10d75a369 (webtiles) character file.

Game seed: 9430473626418053927

94342 M4edhros the Summoner (level 16, -8/109 HPs)
             Began as an Octopode Artificer on Mar 19, 2023.
             Was the Champion of Cheibriados.
             Hit by a javelin thrown by a merfolk javelineer (9 damage)
             ... on level 2 of the Shoals.
             The game lasted 01:06:43 (12243 turns).

M4edhros the Summoner (Octopode Artificer)         Turns: 12243, Time: 01:06:45

Health: -8/109     AC: 12    Str: 31    XL:     16   Next: 11%
Magic:  23/27      EV: 33    Int: 38    God:    Cheibriados [******]
Gold:   1482       SH: 20    Dex: 43    Spells: 8/30 levels left

rFire   . . .      SeeInvis .    C - +2 flail (protect)
rCold   . . .      Faith    .    O - +2 kite shield {rPois}
rNeg    . . .      Spirit   .    L - +1 hat
rPois   +          Reflect  .    F - amulet of magic regeneration
rElec   .          Rampage  .    f - +6 ring of dexterity
rCorr   .                        n - ring of Toodghau {rF- EV+5 Str+4 Dex+6}
Will    ++...                    t - +6 ring of intelligence
Stlth   +++++++                  q - +4 ring of protection
HPRegen 0.38/turn                i - ring of wizardry
MPRegen 0.60/turn                A - ring of protection from fire
                                 u - ring of willpower
                                 N - +4 ring of protection

@: very slow
A: almost no armour, amphibious, 8 rings, camouflage 1, gelatinous body 1,
(nimble swimmer 1), tentacles, iridescent scales 1, inability to read after
injury 1
a: Renounce Religion, Bend Time, Temporal Distortion, Slouch, Step From Time


You were on level 2 of the Shoals.
You worshipped Cheibriados.
Cheibriados was exalted by your worship.
You visited 5 branches of the dungeon, and saw 23 of its levels.
You also visited: Gauntlet.

You collected 2760 gold pieces.
You spent 1278 gold pieces at shops.

Inventory:

Hand Weapons
 a - a +0 mace of protection
 C - a +2 flail of protection (weapon)
Missiles
 k - 27 poisoned darts
 p - 2 throwing nets
 w - 3 atropa-tipped darts
 G - 5 curare-tipped darts
Armour
 H - the +4 skin of Zhor {*Englaciate rC+++ SInv}
   (You found it on level 10 of the Dungeon)

   *Englaciate: It radiates cold, occasionally slowing all nearby creatures who
   are not resistant to cold.
   rC:        It renders you almost immune to cold.
   SInv:      It lets you see invisible.
 L - a +1 hat (worn)
 O - a +2 kite shield of poison resistance (worn)
Magical Staves
 z - a staff of air
Jewellery
 f - a +6 ring of dexterity (left tentacle)
 h - a ring of resist corrosion
 i - a ring of wizardry (on tentacle)
 n - the ring of Toodghau (right tentacle) {rF- EV+5 Str+4 Dex+6}
   (You found it in a Gauntlet)

   [ring of evasion]

   EV:        It affects your evasion (+5).
   Str:       It affects your strength (+4).
   Dex:       It affects your dexterity (+6).
   rF:        It makes you vulnerable to fire.
 q - a +4 ring of protection (on tentacle)
 t - a +6 ring of intelligence (on tentacle)
 u - a ring of willpower (on tentacle)
 A - a ring of protection from fire (on tentacle)
 E - a ring of see invisible
 F - an amulet of magic regeneration (around mantle)
 M - an amulet of the acrobat
 N - a +4 ring of protection (on tentacle)
 S - a ring of flight
Wands
 b - a wand of flame (42) (quivered)
 c - a wand of charming (14)
 d - a wand of iceblast (10)
 s - a wand of light (1)
 v - a wand of digging (6)
 B - a wand of mindburst (13)
Scrolls
 g - a scroll of immolation
 j - 8 scrolls of teleportation
 m - a scroll of poison
 o - 7 scrolls of blinking
 x - 3 scrolls of amnesia
 y - 3 scrolls of fog
 D - a scroll of magic mapping
 I - 6 scrolls of identify
 P - a scroll of brand weapon
 T - a scroll of summoning
 W - a scroll of vulnerability
Potions
 e - 3 potions of brilliance
 l - 9 potions of attraction
 r - 4 potions of might
 J - 5 potions of mutation
 K - 6 potions of curing
 R - 3 potions of heal wounds
 U - 2 potions of lignification
 X - a potion of flight
Miscellaneous
 V - a lightning rod (1/4)


   Skills:
 - Level 10.0 Fighting
 - Level 7.7 Maces & Flails
 - Level 10.0 Dodging
 - Level 11.0 Stealth
 * Level 12.1 Shields
 - Level 5.7 Unarmed Combat
 - Level 7.6 Spellcasting
 - Level 12.3 Summonings
 - Level 3.0 Translocations
 + Level 8.6 Transmutations
 + Level 5.1 Air Magic
 - Level 6.0 Invocations
 - Level 3.2 Evocations


You had 8 spell levels left.
You knew the following spells:

 Your Spells              Type           Power      Damage    Failure   Level
a - Summon Lightning Spi  Summ/Air       69%        N/A       1%          4
b - Summon Cactus Giant   Summ           41%        N/A       1%          6
c - Summon Forest         Summ/Tloc      32%        N/A       2%          5
d - Storm Form            Tmut/Air       30%        N/A       67%         7

Your spell library contained the following spells:

 Spells                   Type           Power      Damage    Failure   Level
 Freeze                   Ice            56%        1d7       1%          1
 Magic Dart               Conj           56%        1d5       1%          1
 Blink                    Tloc           74%        N/A       1%          2
 Call Imp                 Summ           83%        N/A       1%          2
 Lesser Beckoning         Tloc           74%        N/A       1%          2
 Momentum Strike          Conj/Tloc      50%        3d9       1%          2
 Blade Hands              Tmut           34%        N/A       1%          5
 Scorch                   Fire           28%        2d6       3%          2
 Mephitic Cloud           Conj/Pois/Air  27%        N/A       3%          3
 Summon Mana Viper        Hex/Summ       57%        N/A       4%          5
 Dazzling Flash           Conj/Hex       28%        N/A       6%          3
 Frozen Ramparts          Ice            28%        1d5       6%          3
 Hailstorm                Conj/Ice       14%        3d5       6%          3
 Tukima's Dance           Hex            14%        N/A       6%          3
 Passage of Golubria      Tloc           37%        N/A       6%          4
 Yara's Violent Unravell  Hex/Tmut       23%        3d10      10%         5
 Flame Wave               Conj/Fire      14%        2d6       21%         4
 Silence                  Hex/Air        17%        N/A       21%         5
 Agony                    Necr           14%        N/A       45%         5
 Iron Shot                Conj/Erth      7%         9d2       95%         6
 Maxwell's Capacitive Co  Air            26%        ∞         100%        8
 Animate Armour           Summ/Erth      Unusable   N/A       N/A         4

Dungeon Overview and Level Annotations

Branches:
Dungeon (13/15)            Temple (1/1) D:5            Lair (5/5) D:10
 Shoals (2/4) Lair:3        Slime (0/5) Lair:4          Orc (2/2) D:9
    Elf (0/3) Orc:2        Vaults (0/5) D:13        Gauntlet (visited)
  Snake: Lair:2-3    Spider: Lair:2-3

Altars:
Cheibriados
Dithmenos
Hepliaklqana
Kikubaaqudgha
Makhleb
Qazlal
Ru
Sif Muna
Uskayaw
Vehumet
Wu Jian
Xom
Zin
Jiyva

Shops:
D:1 *[((   D:12 :   Orc:2 ([=*   Shoals:2 ?


Innate Abilities, Weirdness & Mutations

You cannot wear most types of armour.
You are amphibious.
You can wear up to eight rings at the same time.
Your skin changes colour to match your surroundings (Stealth+).
Your rubbery body absorbs attacks. (AC +1, EV +1)
((You are camouflaged when in or above water. (Stealth+)))
You have tentacles for arms and can constrict up to eight enemies at once.
You are partially covered in iridescent scales. (AC +2)
You occasionally lose the ability to read scrolls when taking damage.


Message History

Unknown command.
The faun shoots a sling bullet.
The sling bullet hits your cactus giant!!
Unknown command.
Unknown command.
The faun shoots a sling bullet.
The sling bullet hits your cactus giant!
Your cactus giant barely misses the faun.
Unknown command.
The faun shoots a sling bullet.
The sling bullet hits your cactus giant!!
The faun unwields a +0 sling.
The faun wields a +0 spear.
The faun is struck by your cactus giant's spines.
The faun hits your cactus giant with a +0 spear!!
Your cactus giant is destroyed!
Your cactus giant disappears in a puff of smoke!
Casting: Summon Lightning Spire (mildly dangerous; 1% risk of failure)
Confirm with . or Enter, or press ? or * to list all spells.
The faun unwields a +0 spear.
The faun wields a +0 sling.
The faun shoots a sling bullet.
You block the sling bullet.
Unknown command.
Unknown command.
The faun points at you and mumbles some strange words.
You resist with almost no effort.
Your lightning spire shoots out a bolt of lightning at the faun!
The bolt of electricity hits the faun!
The faun dies!
Cheibriados appreciates the change of pace.
You swap places.
A merfolk javelineer comes into view. It is wielding a +4 heavy spear.
Your lightning spire shoots out a bolt of lightning at the merfolk javelineer!
The bolt of electricity hits the merfolk javelineer!!
The bolt of electricity hits the merfolk javelineer!
The merfolk javelineer throws a javelin.
The javelin pierces through you!!
* * * LOW HITPOINT WARNING * * *
The javelin pierces through your lightning spire.
The merfolk javelineer throws a javelin.
The javelin pierces through you!
You die...

≈≈≈≈~~~~†~~).## ###...~.. ###....
≈≈≈~~~~~~~....###~~...~.. ###..
≈≈~~~~~)..........~~..~.. ...~
≈≈~..~~~)♣###.)...#~.~~~. .....
≈≈~..~~~.\♣##)....m~~~.~~ ...~#
≈≈≈~~~~~..*.###..)P#)... ##
≈≈≈~~~≈≈~~w..###...~~...~ #~
≈≈≈≈≈≈≈≈≈≈│..#.#†#~~#...# #~
≈≈≈≈≈≈≈≈≈≈~\.#.C@##..P.P. #P
≈≈≈≈≈≈≈≈≈≈~~*#.8.)###†_†# #P
≈≈≈≈≈≈≈≈≈≈≈~~###################~
≈≈≈≈≈≈≈≈≈≈≈≈≈≈≈~~~~~~~~~~~~~~~~~
≈≈≈≈≈≈≈≈≈≈≈≈≈≈~~~~~.~~~~~.~~~~~
≈≈≈≈≈≈≈≈≈≈≈≈≈≈≈~~~..~~~~~~~P~~~
≈≈≈≈≈≈≈≈≈≈≈≈≈~~~~.~~~~~~~~~~~P
≈≈≈≈≈≈≈≈≈≈≈≈≈~~~~~~~~~~~~~~~~~
≈≈≈≈≈≈≈≈≈≈≈≈≈~~~~~~~~~~~~~~~~~


You could see a merfolk javelineer (distracted, ally target), a friendly cactus
giant (summoned) and a friendly lightning spire (summoned).

Vanquished Creatures
  Kirke (Shoals:2)
  An orc warlord (Orc:2)
  A merfolk impaler (Shoals:2)
  3 hydras
  A catoblepas (Lair:1)
  3 centaur warriors
  Erica (D:10)
  A two-headed ogre (Orc:1)
  An orc high priest (Orc:2)
  A skyshark (Shoals:1)
  4 sea snakes (Shoals:2)
  An obsidian statue (Gauntlet)
  A lindwurm (D:10)
  2 orc knights (Orc:2)
  2 ugly things (D:11)
  A wolf spider (Lair:5)
  2 orc sorcerers (Orc:2)
  A manticore (Shoals:2)
  A moth of wrath (Gauntlet)
  3 fauns (Shoals:2)
  A cyclops (Shoals:2)
  2 elephants (Lair:5)
  4 black mambas (Lair:5)
  A water nymph (Shoals:1)
  2 merfolk sirens (Shoals:2)
  A guardian serpent (Lair:5)
  6 cane toads
  A minotaur zombie (Gauntlet)
  3 komodo dragons
  3 rime drakes (Lair:5)
  2 merfolk (Shoals:1)
  3 meliai (Shoals:2)
  A hornet (Lair:5)
  A polar bear (Lair:5)
  3 trolls
  A snapping turtle (Shoals:2)
  5 blink frogs
  A dream sheep (Shoals:2)
  A slime creature (Lair:4)
  2 vampires
  A water elemental (Shoals:1)
  2 jumping spiders (D:10)
  2 shadows
  9 wyverns
  5 fire bats (Gauntlet)
  A hog (Shoals:2)
  13 yaks
  A redback (D:10)
  2 steam dragons
  An unseen horror simulacrum (D:8)
  3 vampire mosquitoes
  6 wargs
  7 water moccasins
  An acid dragon (D:11)
  Duvessa (D:4)
  3 hell hounds (Gauntlet)
  12 orc warriors
  An ice beast (D:5)
  2 sky beasts (D:7)
  4 black bears
  3 ogres
  A swamp drake (Lair:5)
  6 centaurs
  16 wolves
  3 phantoms
  2 kobold brigands
  2 nameless horrors
  6 bullfrogs
  4 scorpions
  Dowan (D:4)
  5 killer bees
  A howler monkey (D:6)
  A jelly (Lair:4)
  3 hounds
  4 orc priests
  10 orc wizards
  A sleepcap (D:5)
  6 iguanas
  Robin (D:2)
  8 gnolls
  5 adders
  An ufetubus (D:7)
  3 worms
  5 dart slugs (D:1)
  17 orcs
  9 ball pythons
  3 bats
  An endoplasm (D:3)
  3 giant cockroaches
  16 goblins
  7 hobgoblins
  5 quokkas
  3 frilled lizards
  17 kobolds
  8 rats
340 creatures vanquished.

Vanquished Creatures (collateral kills)
  The ghost of Sheero the Severer, a journeyman MiFi of Makhleb (Lair:1)
  A minotaur (Gauntlet)
  A merfolk impaler (Shoals:1)
  A fire dragon (Lair:5)
  2 hydras
  8 vault guards (D:13)
  A merfolk avatar (Shoals:2)
  A satyr (Shoals:2)
  A centaur warrior (D:11)
  3 two-headed ogres (D:11)
  3 boulder beetles
  Sonja (D:10)
  A fire crab (Gauntlet)
  A sea snake (Shoals:2)
  A swamp dragon (Lair:5)
  A deep elf pyromancer (D:13)
  2 orc knights (Orc:2)
  5 manticores
  6 fauns
  2 cyclopes
  2 merfolk sirens
  6 elephants
  A water nymph (Shoals:1)
  2 black mambas
  9 cane toads
  4 komodo dragons
  A tengu conjurer (D:13)
  3 rime drakes
  An efreet (D:13)
  A meliai (Shoals:2)
  4 trolls
  A merfolk (Shoals:2)
  3 polar bears
  2 hornets
  6 blink frogs
  3 dream sheep (Shoals:2)
  2 snapping turtles
  2 shadows
  7 slime creatures (D:12)
  39 yaks
  A wraith (D:10)
  10 wyverns
  A steam dragon (Lair:5)
  4 basilisks
  2 nameless horrors
  The ghost of paps the Ducker, an amateur DsGl (D:3)
  A redback (Lair:5)
  5 vampire mosquitoes (D:12)
  3 hogs (Shoals:2)
  3 wargs
  An acid dragon (D:11)
  9 water moccasins
  A swamp drake (Lair:5)
  20 orc warriors
  3 ice beasts
  2 wolves (Lair:1)
  2 ogres (Orc:1)
  3 centaurs
  A phantom (D:6)
  Blork the orc (Orc:2)
  4 bullfrogs
  A wyvern skeleton (D:3)
  15 killer bees
  A lava snake (D:10)
  A centaur zombie (D:3)
  10 orc priests
  2 jellies (Lair:4)
  An iguana (Lair:5)
  A sleepcap (D:4)
  7 orc wizards
  A centaur simulacrum (D:8)
  2 gnolls (D:4)
  3 white imps (D:8)
  36 orcs
  3 kobolds (D:10)
  A snaplasher vine (Lair:5)
305 creatures vanquished.

Vanquished Creatures (others)
  A cyclops (D:11)
  A vampire (D:11)
  A hound (D:4)
  A killer bee zombie (D:3)
  A gnoll (D:4)
  An ufetubus (D:8)
  A kobold (D:1)
  23 demonic plants (Gauntlet)
  44 fungi
  133 plants
  19 snaplasher vines
226 creatures vanquished.

Grand Total: 871 creatures vanquished

Notes
Turn   | Place    | Note
-------+----------+-------------------------------------------
     0 | D:1      | M4edhros the Octopode Artificer began the quest for the
                  | Orb.
     0 | D:1      | Reached XP level 1. HP: 13/13 MP: 1/1
    85 | D:1      | Found Biloaf's Antique Weapon Boutique.
   102 | D:1      | Reached skill level 1 in Unarmed Combat
   102 | D:1      | Reached XP level 2. HP: 13/18 MP: 2/2
   343 | D:1      | Found Kiuggy's Antique Armour Shoppe.
   367 | D:1      | Reached XP level 3. HP: 9/23 MP: 3/3
   370 | D:1      | Reached skill level 1 in Maces & Flails
   437 | D:1      | Found Liyqos's Assorted Antiques.
   947 | D:4      | Noticed Duvessa
   947 | D:4      | Noticed Dowan
   955 | D:4      | Killed Dowan
   956 | D:4      | Reached XP level 4. HP: 29/29 MP: 4/4
   957 | D:4      | Killed Duvessa
   958 | D:4      | Reached XP level 5. HP: 35/35 MP: 5/5
   961 | D:4      | Identified the +8 chain mail "Xaaqekh" {Str+2}
  1054 | D:4      | Noticed a water moccasin
  1060 | D:4      | Noticed a phantom
  1062 | D:4      | Killed a water moccasin
  1063 | D:4      | Reached XP level 6. HP: 21/42 MP: 6/6
  1282 | D:4      | Reached XP level 7. HP: 46/46 MP: 7/7
  1508 | D:4      | Gained mutation: You occasionally lose the ability to read
                  | scrolls when taking damage. [potion of mutation]
  1508 | D:4      | Gained mutation: You are partially covered in iridescent
                  | scales. (AC +2) [potion of mutation]
  1508 | D:4      | HP: 2/47 [poisoned by a scorpion]
  1513 | D:4      | Reached skill level 5 in Maces & Flails
  1820 | D:5      | Entered Level 5 of the Dungeon
  2162 | D:5      | Reached XP level 8. HP: 49/54 MP: 8/8
  2331 | D:5      | Reached skill level 5 in Dodging
  2406 | D:5      | Found a staircase to the Ecumenical Temple.
  2420 | Temple   | Entered the Ecumenical Temple
  2605 | Temple   | Became a worshipper of Cheibriados the Contemplative
  2974 | D:2      | Noticed Robin
  2983 | D:2      | Killed Robin
  3054 | D:2      | Learned a level 4 spell: Summon Lightning Spire
  3115 | D:1      | Reached * piety under Cheibriados
  3159 | D:1      | Found Huanali's Weapon Emporium.
  3307 | D:3      | Found a transporter.
  3341 | D:3      | Found a transporter.
  3345 | D:3      | Noticed paps's ghost (amateur DsGl)
  3350 | D:3      | Reached XP level 9. HP: 59/59 MP: 9/9
  3380 | D:3      | Killed paps's ghost
  3752 | D:6      | Reached ** piety under Cheibriados
  3837 | D:6      | Found a sacrificial altar of Ru.
  3911 | D:6      | Reached skill level 1 in Spellcasting
  3911 | D:6      | Reached skill level 1 in Air Magic
  3943 | D:7      | Reached skill level 5 in Fighting
  4031 | D:7      | Learned a level 6 spell: Summon Cactus Giant
  4079 | D:8      | Reached XP level 10. HP: 66/66 MP: 12/12
  4368 | D:7      | Reached *** piety under Cheibriados
  4716 | D:10     | Entered Level 10 of the Dungeon
  4830 | D:9      | Learned a level 5 spell: Summon Forest
  4875 | D:10     | Noticed Sonja
  4886 | D:10     | Reached **** piety under Cheibriados
  4887 | D:10     | Killed Sonja
  4888 | D:10     | Reached skill level 1 in Translocations
  4889 | D:10     | Noticed Erica
  4898 | D:10     | Killed Erica
  4899 | D:10     | Reached XP level 11. HP: 34/72 MP: 4/17
  4920 | D:10     | Found the +4 skin of Zhor {*Englaciate rC+++ SInv}
  5177 | D:10     | Found a staircase to the Lair.
  5690 | D:11     | Reached skill level 5 in Spellcasting
  5718 | D:11     | Noticed a two-headed ogre
  5734 | D:11     | Reached ***** piety under Cheibriados
  5757 | D:11     | Noticed a two-headed ogre
  5764 | D:11     | Noticed a cyclops
  5777 | D:11     | Killed a two-headed ogre
  5779 | D:11     | Noticed a manticore
  5788 | D:11     | Killed a manticore
  5789 | D:11     | Reached skill level 5 in Stealth
  5844 | D:11     | Noticed a boulder beetle
  5844 | D:11     | Killed a two-headed ogre
  5850 | D:11     | Noticed a centaur warrior
  5850 | D:11     | Killed a boulder beetle
  5856 | D:11     | Noticed a red ugly thing
  5857 | D:11     | Killed a centaur warrior
  5858 | D:11     | Reached XP level 12. HP: 36/81 MP: 21/21
  6070 | D:11     | Noticed a two-headed ogre
  6081 | D:11     | Killed a two-headed ogre
  6088 | D:11     | Noticed a boulder beetle
  6099 | D:11     | Killed a boulder beetle
  6163 | D:12     | Found Fugijad's Book Emporium.
  6390 | D:13     | Found a gate to the Vaults.
  6390 | D:13     | Noticed a vault guard
  6390 | D:13     | Noticed a vault guard
  6390 | D:13     | Noticed a vault guard
  6390 | D:13     | Noticed a vault guard
  6390 | D:13     | Noticed a vault guard
  6398 | D:13     | Killed a vault guard
  6399 | D:13     | Reached skill level 1 in Invocations
  6399 | D:13     | Noticed a vault guard
  6401 | D:13     | Killed a vault guard
  6406 | D:13     | Killed a vault guard
  6407 | D:13     | Killed a vault guard
  6408 | D:13     | Killed a vault guard
  6409 | D:13     | Noticed a vault guard
  6412 | D:13     | Killed a vault guard
  6414 | D:13     | Noticed a vault guard
  6414 | D:13     | Killed a vault guard
  6420 | D:13     | Killed a vault guard
  6421 | D:13     | Reached XP level 13. HP: 88/88 MP: 19/24
  6690 | D:13     | Reached skill level 5 in Invocations
  7179 | D:9      | Found a staircase to the Orcish Mines.
  7417 | D:10     | Found a runed translucent door.
  7443 | D:10     | Found a runed translucent gate.
  7445 | D:10     | Found a runed translucent gate.
  7456 | D:10     | Found a runed translucent gate.
  7456 | D:10     | Found a runed translucent gate.
  7456 | D:10     | Found a runed translucent gate.
  7457 | D:10     | Found a runed translucent gate.
  7536 | D:11     | Reached ****** piety under Cheibriados
  8070 | Orc:1    | Entered Level 1 of the Orcish Mines
  8081 | Orc:1    | Reached skill level 10 in Stealth
  8200 | Orc:2    | Entered Level 2 of the Orcish Mines
  8257 | Orc:2    | Reached skill level 5 in Unarmed Combat
  8261 | Orc:2    | Noticed Blork the orc
  8266 | Orc:2    | Killed Blork the orc
  8374 | Orc:2    | Noticed an orc warlord
  8379 | Orc:2    | Killed an orc warlord
  8399 | Orc:2    | Reached XP level 14. HP: 91/97 MP: 20/25
  8437 | Orc:2    | Found Tumiah's Antique Armour Shoppe.
  8454 | Orc:2    | Found Toaf's Antique Weapon Shoppe.
  8473 | Orc:2    | Found Wiedwa's Jewellery Shoppe.
  8488 | Orc:2    | Learned a level 7 spell: Storm Form
  8498 | Orc:2    | Bought a +4 ring of protection for 504 gold pieces
  8508 | Orc:2    | Found Furi's General Store.
  8535 | Orc:2    | Bought a glowing kite shield for 270 gold pieces
  8642 | Orc:2    | Found a staircase to the Elven Halls.
  8696 | Orc:2    | Reached skill level 1 in Shields
  8900 | Orc:1    | Reached skill level 1 in Transmutations
  9062 | Orc:2    | Bought a +6 ring of intelligence for 504 gold pieces
  9169 | Lair:1   | Entered Level 1 of the Lair of Beasts
  9263 | Lair:1   | Reached skill level 10 in Dodging
  9475 | Lair:2   | Reached skill level 10 in Fighting
  9489 | Lair:2   | Found a gate leading to a gauntlet.
  9504 | Gauntlet | Entered a Gauntlet
  9504 | Gauntlet | Found a transporter.
  9504 | Gauntlet | Found a transporter.
  9508 | Gauntlet | Found a transporter.
  9508 | Gauntlet | Found a transporter.
  9510 | Gauntlet | Found a large runed translucent door.
  9511 | Gauntlet | Found a large runed translucent door.
  9512 | Gauntlet | Found a large runed translucent door.
  9512 | Gauntlet | Found a large runed translucent door.
  9512 | Gauntlet | Found a runed translucent door.
  9513 | Gauntlet | Found a large runed translucent door.
  9513 | Gauntlet | Found a runed translucent door.
  9514 | Gauntlet | Found a large runed translucent door.
  9514 | Gauntlet | Found a large runed translucent door.
  9514 | Gauntlet | Found a large runed translucent door.
  9514 | Gauntlet | Found a large runed translucent door.
  9514 | Gauntlet | Found a large runed translucent door.
  9515 | Gauntlet | Found a large runed translucent door.
  9516 | Gauntlet | Found a large runed translucent door.
  9516 | Gauntlet | Found a transporter.
  9529 | Gauntlet | Found a large runed translucent door.
  9529 | Gauntlet | Found a large runed translucent door.
  9529 | Gauntlet | Found a large runed translucent door.
  9530 | Gauntlet | Noticed a dire elephant
  9531 | Gauntlet | Found a runed translucent gate.
  9531 | Gauntlet | Found a runed translucent gate.
  9531 | Gauntlet | Found a runed translucent gate.
  9531 | Gauntlet | Noticed a reaper
  9533 | Gauntlet | Found a transporter.
  9543 | Gauntlet | Found a transporter.
  9543 | Gauntlet | Found a transporter.
  9544 | Gauntlet | Found a large runed translucent door.
  9567 | Gauntlet | Found a transporter.
  9592 | Gauntlet | Found a transporter.
  9625 | Gauntlet | Found a transporter.
  9657 | Gauntlet | Found a transporter.
  9664 | Gauntlet | Reached skill level 5 in Shields
  9674 | Gauntlet | Found a transporter.
  9699 | Gauntlet | Identified the ring of Toodghau {rF- EV+5 Str+4 Dex+6}
  9834 | Lair:1   | Identified a scroll of acquirement
  9835 | Lair:1   | Acquired 581 gold pieces
  9854 | Lair:1   | Found a runed translucent gate.
  9854 | Lair:1   | Found a runed translucent gate.
  9854 | Lair:1   | Found a runed translucent gate.
  9855 | Lair:1   | Noticed Sheero's ghost (journeyman MiFi)
  9868 | Lair:1   | Killed Sheero's ghost
 10166 | Lair:3   | Found a staircase to the Shoals.
 10450 | Lair:4   | Reached skill level 5 in Transmutations
 10528 | Lair:5   | Entered Level 5 of the Lair of Beasts
 10617 | Lair:5   | Reached XP level 15. HP: 103/103 MP: 14/26
 11123 | Lair:5   | Reached skill level 10 in Shields
 11261 | Lair:4   | Found a viscous altar of Jiyva.
 11263 | Lair:4   | Found a staircase to the Slime Pits.
 11645 | Shoals:1 | Entered Level 1 of the Shoals
 12002 | Shoals:2 | Found Datik's Magic Scroll Shoppe.
 12010 | Shoals:2 | Noticed Kirke
 12025 | Shoals:2 | Killed Kirke
 12180 | Shoals:2 | Reached XP level 16. HP: 86/109 MP: 19/27
 12208 | Shoals:2 | Reached skill level 5 in Air Magic
 12214 | Shoals:2 | Found a hide-covered altar of Uskayaw.
 12243 | Shoals:2 | HP: 1/109 [merfolk javelineer/javelin (22)]
 12243 | Shoals:2 | Hit by a javelin thrown by a merfolk javelineer

Illustrated notes

Levels and vault maps discovered:
D:1:      lemuel_arrival_hallway, layout_basic, serial_shops,
          nicolae_diamond_shop, nicolae_shop_bloodbath_and_beyond,
          nicolae_shop_trees, shop
D:2:      layout_basic, uniq_robin
D:3:      layout_loops_corners, gammafunk_ghost_mausoleum,
          kennysheep_generic_room_15
D:4:      layout_basic, corexii_checkpoint_b, uniq_duvessa
D:5:      layout_basic, minmay_temple_entry_water_ring,
          nicolae_figureground_sparkle
D:6:      layout_gridville, lemuel_round_altar
D:7:      layout_gridville, nicolae_tso_besieged_by_evil,
          chequers_serial_rivers_small_a, nrook_loot_triangle
D:8:      layout_gridville, serial_ice, serial_ice_b, serial_ice_f,
          serial_ice_k, serial_ice_e
D:9:      layout_loops_corners, david_orc_1_choice
D:10:     gammafunk_indiana_jones, layout_rooms, lair_entry_dummy,
          hellmonk_guarded_unrand_zhor, uniq_erica, uniq_sonja
D:11:     cheibrodos_ideogram_h, layout_cave_pods
D:12:     layout_gridville, serial_shops, shop
D:13:     layout_stronghold, erik_vaults_2
Temple:   mainiacjoe_temple_cubbyholes
Lair:1:   layout_small_grid, gammafunk_ghost_hydra_chop,
          chequers_serial_rivers_large_a, beast_lair_carwin_1,
          serial_bayou_shore_b, grunt_megastairs_5
Lair:2:   layout_cave_shapes, gauntlet_entry_generic
Lair:3:   layout_regular_city, elwin_shoals_entry_rocks, spider_nest_entry_webs,
          patterned_corridor, infiniplex_staircase_pool_2, lemuel_fruit_fields
Lair:4:   layout_regular_city, minmay_slime_entry_pillars
Lair:5:   guppyfry_lair_end_dragon, layout_concentric_octagons,
          hangedman_lair_tendril_chambers, serial_bayou_shore_a
Shoals:1: layout_shoals, lemuel_centaur_altar
Shoals:2: layout_shoals, serial_shops, nicolae_stop_n_shop_2,
          regret_index_shoals_crete, uniq_kirke, uniq_polyphemus
Orc:1:    layout_caves
Orc:2:    grunt_orc_cross, layout_diamond_mine

Skill      XL: |  1  2  3  4  5  6  7  8  9 10 11 12 13 14 15 16 |
---------------+-------------------------------------------------+-----
Unarmed Combat | 1 2 5 |  5.7
Maces & Flails | 2 3 4 5 6 7 |  7.7
Fighting       | 2 3 4 5 7 8 9 10 | 10.0
Dodging        | 3 4 5 6 7 8 9 10 | 10.0
Summonings     | 12 | 12.3
Spellcasting   | 1 4 6 7 |  7.6
Air Magic      | 1 3 4 5 |  5.1
Stealth        | 2 6 8 10 11 | 11.0
Translocations | 1 3 |  3.0
Invocations    | 4 6 |  6.0
Shields        | 8 11 12 | 12.1
Transmutations | 5 8 |  8.6
Evocations     | |  3.2

Action                     |  1- 3 |  4- 6 |  7- 9 | 10-12 | 13-15 | 16-18 || total
---------------------------+-------+-------+-------+-------+-------+-------++-------
  Melee: Unarmed           |    18 |       |       |       |     3 |       ||    21
         Constrict         |    20 |     5 |    51 |    27 |   112 |     2 ||   217
         Tentacles         |    14 |     6 |    53 |    55 |   189 |     5 ||   322
         Mace              |    43 |    35 |   191 |   160 |    17 |       ||   446
         Punch             |     2 |       |     5 |     2 |    45 |     1 ||    55
         Flail             |       |       |       |       |   523 |     7 ||   530
   Cast: Summon Lightning  |       |       |     5 |    20 |    31 |     2 ||    58
         Summon Cactus Gia |       |       |       |    25 |    49 |     5 ||    79
         Summon Forest     |       |       |       |     8 |    76 |     1 ||    85
 Invoke: Slouch            |       |       |       |       |     5 |       ||     5
  Evoke: Wand              |     6 |     2 |    11 |    12 |     5 |     3 ||    39
         Lightning rod     |       |       |       |       |     4 |       ||     4
    Use: Potion            |       |     1 |    10 |     4 |     2 |       ||    17
         Scroll            |       |       |     2 |    10 |    14 |       ||    26
   Stab: Sleeping          |     3 |     3 |    13 |     5 |     4 |       ||    28
         Distracted        |       |       |     2 |     4 |    19 |       ||    25
         Invisible         |       |       |     1 |       |       |       ||     1
 Armour: Skin              |    11 |     7 |    48 |    61 |   104 |     2 ||   233
  Dodge: Dodged            |    51 |    25 |   183 |   238 |   661 |    16 ||  1174
  Block: Kite shield       |       |       |       |       |   503 |    21 ||   524

Table legend: (Time is in decaauts)
 A = Elapsed time spent in this place.
 B = Non-inter-level travel time spent in this place.
 C = Inter-level travel time spent in this place.
 D = Time resting spent in this place.
 E = Time spent auto-exploring this place.
 F = Levels seen in this place.
 G = Mean time per level.
                   A        B        C        D        E       F      G
               +--------+--------+--------+--------+--------+-----+--------+
         Total |  18665 |  16263 |   2402 |      0 |   3312 |  24 |  777.7 |
       Dungeon |  11148 |   9804 |   1344 |      0 |   3017 |  13 |  857.5 |
        Temple |    223 |    185 |     38 |      0 |    172 |   1 |  223.0 |
          Lair |   3940 |   3331 |    609 |      0 |    121 |   5 |  788.0 |
        Shoals |   1018 |    982 |     36 |      0 |      0 |   2 |  509.0 |
  Orcish Mines |   1837 |   1465 |    372 |      0 |      2 |   2 |  918.5 |
      Gauntlet |    497 |    497 |      0 |      0 |      0 |   1 |  497.0 |
               +--------+--------+--------+--------+--------+-----+--------+

Top non-repeatable levels by time:
    D:11: 1549 daAuts
     D:9: 1314 daAuts
    D:12: 1311 daAuts
   Orc:2: 1268 daAuts
  Lair:5: 1248 daAuts
    D:10: 1189 daAuts
     D:4: 936 daAuts
     D:5: 884 daAuts
  Lair:1: 847 daAuts
     D:3: 838 daAuts
  Lair:3: 779 daAuts
     D:1: 747 daAuts
    D:13: 708 daAuts
  Lair:4: 588 daAuts
     D:8: 570 daAuts
